 Dungeon Crawl Stone Soup version 0.24-a0-201-gf2055891f0 (webtiles) character file.

Game seed: 2096581614449935426

52229 Orphidia the Martial Artist (level 14, -33/126 HPs)
             Began as a Green Draconian Transmuter on Mar 22, 2019.
             Was the Champion of Cheibriados.
             Annihilated by a komodo dragon (80 damage)
             ... on level 6 of the Lair of Beasts.
             The game lasted 00:52:40 (20572 turns).

Orphidia the Martial Artist (DrTm)                 Turns: 20572, Time: 00:52:40

Health: -33/126    AC: 12    Str: 28    XL:     14   Next: 26%
Magic:  19/23      EV: 34    Int: 30    God:    Cheibriados [******]
Gold:   1084       SH:  0    Dex: 30    Spells: 9/25 levels left

rFire    + . .     SeeInvis .     - Unarmed
rCold    + . .     Gourm    .   (shield currently unavailable)
rNeg     . . .     Faith    .   (armour unavailable)
rPois    +         Spirit   .   (helmet restricted)
rElec    +         Reflect  .   J - +1 cloak of Starlight {rElec rC+ EV+4 Stlth--}
rCorr    .         Harm     .   (gloves currently unavailable)
MR       +....                  I - +1 pair of boots
Stlth    ..........             (no amulet)
HPRegen  0.31/turn              y - +4 ring of evasion
MPRegen  0.18/turn              P - ring of protection from fire

@: blade hands, sleeping, very slow
A: breathe noxious fumes, unfitting armour, stinger 1, poison resistance,
cold-blooded, AC +8
a: Breathe Noxious Fumes, End Transformation, Bend Time, Temporal Distortion,
Slouch, Step From Time, Renounce Religion


You were on level 6 of the Lair of Beasts.
You worshipped Cheibriados.
Cheibriados was exalted by your worship.
You were hungry.
You had blades for hands.
You visited 3 branches of the dungeon, and saw 19 of its levels.
You also visited: Sewer, Ice Cave and Volcano.

You collected 1266 gold pieces.
You spent 182 gold pieces at shops.


Innate Abilities, Weirdness & Mutations

You can breathe blasts of noxious fumes.
Your lurid green scales are hard. (AC +8)
You cannot fit into any form of body armour.
Your tail ends in a poisonous barb.
Your system is resistant to poisons. (rPois)
You are cold-blooded and may be slowed by cold attacks.


   Skills:
 - Level 12.0 Fighting
 - Level 12.0 Dodging
 + Level 13.0 Unarmed Combat
 - Level 6.0 Spellcasting
 + Level 10.8 Transmutations
 - Level 6.0 Evocations


You had 9 spell levels left.
You knew the following spells:

 Your Spells              Type           Power        Failure   Level  Hunger
a - Apportation           Tloc           #.....       34%         1    None
A - Beastly Appendage     Tmut           ######       6%          1    None
B - Sticks to Snakes      Tmut           ######..     7%          2    None
C - Spider Form           Tmut/Pois      #####.....   19%         3    None
D - Blade Hands           Tmut           ######....   19%         5    #####..
E - Ice Form              Ice/Tmut       #####...     34%         4    ###....

Your spell library contained the following spells:

 Spells                   Type           Power        Failure   Level  Hunger
 Passwall                 Tmut/Erth      #####...     14%         2    None
 Animate Skeleton         Necr           N/A          34%         1    None
 Confusing Touch          Hex            #.....       34%         1    None
 Corona                   Hex            #......      34%         1    None
 Pain                     Necr           #...         34%         1    None
 Sandblast                Erth           #.....       34%         1    None
 Summon Small Mammal      Summ           #...         34%         1    None
 Petrify                  Tmut/Erth      #####...     34%         4    ###....
 Ensorcelled Hibernation  Hex/Ice        #.....       41%         2    None
 Confuse                  Hex            #.......     56%         3    None
 Dazzling Spray           Conj/Hex       #.....       56%         3    None
 Regeneration             Chrm/Necr      #.........   56%         3    None
 Stone Arrow              Conj/Erth      #.....       56%         3    None
 Tukima's Dance           Hex            #.......     56%         3    None
 Vampiric Draining        Necr           #.........   56%         3    None
 Animate Dead             Necr           N/A          85%         4    ###....
 Borgnjor's Vile Clutch   Necr/Erth      #.........   98%         5    #####..
 Lee's Rapid Deconstruct  Erth           #.........   98%         5    #####..
 Silence                  Hex/Air        #.........   98%         5    #####..
 Darkness                 Hex            #.........   100%        6    ######.
 Shadow Creatures         Summ           N/A          100%        6    ######.

Action                   |  1- 3 |  4- 6 |  7- 9 | 10-12 | 13-15 || total
-------------------------+-------+-------+-------+-------+-------++-------
Melee: Unarmed           |   141 |   177 |   292 |   466 |   296 ||  1372
       Tailslap          |     8 |    15 |    47 |   114 |    69 ||   253
       Punch             |     2 |     1 |     5 |    47 |    24 ||    79
       Kick              |     3 |     7 |     4 |       |       ||    14
       Headbutt          |     4 |     8 |       |       |       ||    12
Throw: Tomahawk          |       |       |     2 |       |       ||     2
 Cast: Beastly Appendage |    12 |    18 |     1 |     1 |       ||    32
       Sticks to Snakes  |     5 |     4 |     5 |       |       ||    14
       Spider Form       |       |     7 |     9 |       |       ||    16
       Blade Hands       |       |       |    11 |    47 |    36 ||    94
       Ice Form          |       |       |       |     1 |       ||     1
       Apportation       |       |       |       |       |     5 ||     5
 Abil: Breathe Noxious F |       |       |     4 |     5 |       ||     9
       End Transformatio |       |       |       |     2 |       ||     2
Evoke: Wand              |       |     1 |     3 |     6 |    10 ||    20
       Lamp of fire      |       |       |       |       |     2 ||     2
  Use: Scroll            |     3 |    10 |     7 |    12 |     8 ||    40
       Potion            |       |       |     2 |     5 |     3 ||    10
 Stab: Sleeping          |     3 |     1 |     7 |     6 |       ||    17
       Distracted        |       |       |     1 |       |       ||     1
       Confused          |       |       |     1 |     2 |       ||     3
       Invisible         |       |       |       |       |    15 ||    15
  Eat: Chunk             |     1 |    12 |     9 |    18 |     5 ||    45
       Ration            |     1 |       |     2 |     2 |     3 ||     8
Armor: Skin              |    36 |    51 |    33 |    61 |    23 ||   204
Dodge: Dodged            |    63 |    99 |   239 |   414 |   306 ||  1121

Inventory:

Hand Weapons
 o - a +0 blowgun
Missiles
 a - 263 arrows
 k - 4 curare-tipped needles
 r - 6 javelins of returning (quivered)
Armour
 s - a +0 buckler
 A - a +1 pair of gloves (melded)
 H - a +0 cloak of fire resistance
 I - a +1 pair of boots (worn)
 J - the +1 cloak of Starlight (worn) {rElec rC+ EV+4 Stlth--}
   (You found it on level 1 of the Lair of Beasts)

   It affects your evasion (+4).
   It protects you from cold.
   It insulates you from electricity.
   It makes you much less stealthy.
Jewellery
 j - an uncursed ring of resist corrosion
 y - a +4 ring of evasion (left scythe-like blade)
 B - an uncursed ring of protection from magic
 D - an uncursed ring of ice
 P - a ring of protection from fire (right scythe-like blade)
Wands
 g - a wand of digging (3)
 p - a wand of clouds (7)
 z - a wand of polymorph (16)
 E - a wand of enslavement (7)
 N - a wand of iceblast (8)
 O - a wand of flame (19)
 Q - a wand of disintegration (12)
Scrolls
 b - 7 scrolls of amnesia
 f - 4 scrolls of teleportation
 h - 17 scrolls of remove curse
 i - a scroll of fear
 n - 3 scrolls of enchant weapon
 w - a scroll of fog
 F - a scroll of blinking
 M - a scroll of enchant armour
 R - a scroll of summoning
Potions
 d - 7 potions of curing
 e - a potion of resistance
 l - 2 potions of magic
 m - 2 potions of mutation
 q - 2 potions of might
 t - 4 potions of flight
 u - 6 potions of heal wounds
 v - 2 potions of ambrosia
 x - 3 potions of lignification
 C - 2 potions of brilliance
 L - 2 potions of cancellation
Miscellaneous
 G - a lamp of fire (inert)
Comestibles
 c - 32 rations
 K - 28 chunks of flesh {@w1}

.......Y..###..l.
.........#...l..l
....YF☼§#.# ...§
........### ...#
......YY.## ..l.#
.........○# .l...
........kS####......
.........#l#8#......
.........##@#......#
.........###†#
........## ##.#
........# ≈.#
........## ≈#.≈
.........## ≈§§≈§
..........# ≈≈ ≈≈#
..........# #≈≈ ##
..........# ≈#


You could see a komodo dragon, a black mamba, a blink frog, a rime drake and 3
dream sheep.

Vanquished Creatures
  Harold (D:10)
  A catoblepas (Lair:2)
  4 hydras
  A two-headed ogre (D:11)
  5 death yaks (Lair:5)
  Urug (Lair:2)
  Nergalle (Lair:4)
  2 skeletal warriors (Volcano)
  A deep troll (D:12)
  2 lindwurms
  A necromancer (IceCv)
  An anaconda skeleton (Volcano)
  2 black mambas
  3 ice statues (IceCv)
  10 elephants (Lair:6)
  A guardian serpent (D:11)
  3 gargoyles (Volcano)
  8 spiny frogs
  2 rime drakes
  9 ice devils (IceCv)
  7 komodo dragons
  A polar bear (Lair:6)
  Grinder (D:3)
  5 blink frogs (Lair:4)
  A harpy skeleton (Volcano)
  4 dream sheep (Lair:4)
  10 hippogriffs
  3 flying skulls (Volcano)
  An alligator skeleton (Volcano)
  2 wraiths (D:11)
  4 basilisks
  A wyvern (D:8)
  A golden eye (D:12)
  64 yaks
  3 hungry ghosts
  A steam dragon (Lair:3)
  2 vampire mosquitoes (D:12)
  2 nagas (Lair:2)
  An acid dragon (D:11)
  10 water moccasins
  5 orc warriors
  9 porcupines
  13 ice beasts
  4 black bears
  A hornet zombie (D:9)
  A phantom (D:5)
  5 sky beasts
  7 ogres
  A necrophage (D:10)
  8 wolves
  5 centaurs
  9 crocodiles
  5 big kobolds
  16 bullfrogs
  Blork the orc (D:4)
  A wyvern zombie (D:10)
  2 wyvern skeletons
  A scorpion (D:10)
  4 killer bees (D:8)
  2 spriggan skeletons (Volcano)
  4 howler monkeys
  3 crimson imps
  3 centaur zombies
  8 jellies
  A quasit (D:9)
  3 orc priests
  3 bullfrog skeletons
  12 hounds
  3 iguanas
  2 orc wizards
  7 hell rats (Lair:5)
  A spriggan simulacrum (IceCv)
  6 worker ants
  4 centaur simulacra (IceCv)
  A hound skeleton (D:9)
  A howler monkey zombie (D:7)
  2 worker ant zombies
  Robin (D:3)
  8 gnolls
  11 adders
  3 naga simulacra (IceCv)
  2 ogre simulacra (IceCv)
  2 river rats (Sewer)
  6 shadow imps
  6 oozes
  4 worms
  2 dart slugs
  6 leopard geckos
  20 orcs
  9 giant cockroaches
  7 hobgoblins
  3 jackals
  3 quokkas
  7 bats
  2 frilled lizards
  14 goblins
  18 kobolds
  A leopard gecko skeleton (D:4)
  15 rats
  A fungus (Lair:4)
498 creatures vanquished.

Vanquished Creatures (collateral kills)
  A jelly (D:5)
  An adder (D:2)
  A worm (D:2)
3 creatures vanquished.

Vanquished Creatures (others)
  6 fungi
  13 plants
19 creatures vanquished.

Grand Total: 520 creatures vanquished

Levels and vault maps discovered:
D:1:      lemuel_arrival_behind_the_door_large, layout_loops_ring
D:2:      layout_basic, first_ration
D:3:      layout_basic, uniq_grinder, uniq_robin
D:4:      layout_loops_ring, kennysheep_little_box,
          minmay_temple_entry_mini_moons, serial_park_tiny_pond,
          uniq_blork_the_orc
D:5:      layout_loops_ring, gammafunk_temple_overflow_claw,
          lemuel_doored_altar, nicolae_overflow_hidden_temple,
          gup_sewer_entry_glass, kennysheep_generic_room_10
D:6:      layout_loops_ring, serial_shops, nicolae_shop_stone
D:7:      layout_basic, grunt_qazlal_sundering
D:8:      layout_loops_ring, gammafunk_ghost_ooze, serial_shops,
          kennysheep_mini, nicolae_shop_trees, shop, shop,
          hangedman_little_slice_of_home
D:9:      layout_roguey, david_lair_shrubbed, trog_ov_bears_minmay
D:10:     layout_basic, uniq_harold
D:11:     layout_rooms, david_orc_1_choice, basic_altar,
          nrook_guardian_serpent_double
D:12:     minmay_the_grid_octo_tiled_octocenter_mashed
          [minmay_the_grid_octo_horde, minmay_the_grid_octo_vomiting_pacman,
          minmay_the_grid_octo_checkerflower, minmay_the_grid_octo_clover_2,
          minmay_the_grid_octo_prize_star,
          minmay_the_grid_square_5x5_two_walls_b,
          minmay_the_grid_square_5x5_shuriken,
          minmay_the_grid_square_5x5_intrusive_squares,
          minmay_the_grid_square_5x5_beaten_path], layout_basic,
          nicolae_two_hexagons, uniq_erolcha
Temple:   eino_temple_water
Lair:1:   layout_chaotic_city, lemuel_fruit_tree, grunt_megastairs_3,
          lemuel_fruit_fields
Lair:2:   layout_regular_city, minmay_snake_entry_guardpost_small,
          nicolae_volcano_entry_vermiform, chequers_serial_rivers_micro_c,
          uniq_urug
Lair:3:   layout_cave_pods, shoals_dummy_entry, minmay_lair_oklob_bushes,
          infiniplex_staircase_pool_2
Lair:4:   layout_loops_ring, lemuel_fruit_fields, uniq_nergalle
Lair:5:   layout_long_grid, portal_ice_cave_entry_ice_beasts, grunt_megastairs_4
Lair:6:   cheibrodos_lair_end_hotspot, layout_regular_city, slime_altar_1,
          serial_bayou_shore_a
Sewer:    sewer_kobolds
IceCv:    ice_cave_tombish
Volcano:  volcano_tomb [vts_original]


Message History

You shred the komodo dragon!!!
You kill the komodo dragon!
Cheibriados thoroughly appreciates the change of pace.
You barely miss the basilisk.
The dream sheep ruffles its wool and motes of dream dust sparkle, to no effect.
The basilisk barely misses you.
You slice the basilisk!! You tail-slap the basilisk.
You kill the basilisk!
Cheibriados appreciates the change of pace.
The black mamba is engulfed in blazing flames.
The blink frog blinks!
The dream sheep shake their wool and sparkle.
You feel drowsy...
You fall asleep.
The komodo dragon is engulfed in blazing flames. x2
The komodo dragon completely misses you.
The blink frog blinks!
The komodo dragon is engulfed in blazing flames.
The komodo dragon bites you!!!!
Ouch! That really hurt!
You die...

Notes
Turn   | Place    | Note
-------+----------+-------------------------------------------
     0 | D:1      | Orphidia the Draconian Transmuter began the quest for the
                  | Orb.
     0 | D:1      | Reached XP level 1. HP: 16/16 MP: 3/3
   202 | D:1      | Reached XP level 2. HP: 20/23 MP: 5/5
   853 | D:2      | Reached skill level 4 in Unarmed Combat
   887 | D:2      | Learned a level 2 spell: Sticks to Snakes
  1177 | D:2      | Reached XP level 3. HP: 23/28 MP: 1/6
  2123 | D:3      | Learned a level 3 spell: Spider Form
  2134 | D:3      | Noticed Robin
  2294 | D:3      | Reached skill level 5 in Unarmed Combat
  2294 | D:3      | Reached XP level 4. HP: 15/35 MP: 4/7
  2628 | D:3      | Noticed Grinder
  3198 | D:3      | Killed Robin
  3428 | D:3      | Paralysed by Grinder for 7 turns
  3502 | D:4      | Reached XP level 5. HP: 33/40 MP: 8/8
  3839 | D:3      | Reached skill level 6 in Unarmed Combat
  3980 | D:3      | Paralysed by Grinder for 7 turns
  4096 | D:4      | Noticed Blork the orc
  4449 | D:4      | Found a shattered altar of Ashenzari.
  4485 | D:4      | Found a staircase to the Ecumenical Temple.
  4495 | Temple   | Entered the Ecumenical Temple
  4535 | Temple   | Became a worshipper of Cheibriados the Contemplative
  4585 | D:4      | Killed Blork the orc
  4585 | D:4      | Reached XP level 6. HP: 47/47 MP: 6/9
  4883 | D:5      | Entered Level 5 of the Dungeon
  4921 | D:5      | Found a glowing drain.
  4944 | D:5      | Reached skill level 5 in Transmutations
  4987 | Sewer    | Entered a sewer
  5000 | Sewer    | Reached * piety under Cheibriados
  5129 | Sewer    | Your scales start taking on a lurid green colour.
  5129 | Sewer    | Reached XP level 7. HP: 38/52 MP: 7/10
  5129 | Sewer    | Gained mutation: Your system is resistant to poisons.
                  | (rPois) [Green Draconian growth]
  5238 | Sewer    | Found a glowing silver altar of Zin.
  5300 | D:5      | Found a bloodstained altar of Trog.
  5880 | D:5      | Found a sacrificial altar of Ru.
  5880 | D:5      | Found a hide-covered altar of Uskayaw.
  5881 | D:5      | Found a burning altar of Makhleb.
  6029 | D:5      | Reached skill level 7 in Unarmed Combat
  6029 | D:5      | Reached XP level 8. HP: 40/59 MP: 11/11
  6499 | D:5      | Learned a level 5 spell: Blade Hands
  6663 | D:5      | Found a hazy altar of Hepliaklqana.
  6664 | D:5      | Found a blossoming altar of Fedhas.
  6987 | D:6      | Found Akoc's Distillery.
  6998 | D:6      | Bought a potion of heal wounds for 70 gold pieces
  6998 | D:6      | Bought a potion of heal wounds for 70 gold pieces
  6998 | D:6      | Bought a potion of curing for 42 gold pieces
  8130 | D:7      | Reached skill level 5 in Dodging
  8130 | D:7      | Reached skill level 8 in Unarmed Combat
  8417 | D:7      | Reached ** piety under Cheibriados
  8417 | D:7      | Reached XP level 9. HP: 52/64 MP: 1/12
  8517 | D:7      | Found a stormy altar of Qazlal.
  9212 | D:8      | Found Zoism's Book Shop.
  9439 | D:8      | Found a runed translucent gate.
  9439 | D:8      | Found a runed translucent gate.
  9439 | D:8      | Found a runed translucent gate.
  9442 | D:8      | Noticed 27o0314's ghost (novice OpCK)
  9444 | D:8      | Found a viscous altar of Jiyva.
  9445 | D:8      | Found Wabruff's Book Shoppe.
  9505 | D:8      | Found Ycol's Food Emporium.
  9629 | D:8      | Found Melocoet's Assorted Antiques.
  9818 | D:8      | Reached *** piety under Cheibriados
 10109 | D:9      | Noticed a komodo dragon
 10197 | D:9      | Found a staircase to the Lair.
 10203 | D:9      | Killed a komodo dragon
 10284 | D:9      | Reached skill level 5 in Fighting
 10356 | D:9      | Reached XP level 10. HP: 83/83 MP: 8/13
 10445 | D:9      | Reached **** piety under Cheibriados
 10716 | D:9      | Found a bloodstained altar of Trog.
 10798 | D:10     | Entered Level 10 of the Dungeon
 11207 | D:10     | Noticed Harold
 11221 | D:10     | Killed Harold
 11391 | D:10     | Found the +3 giant club "Skullcrusher" {speed, Str+7}
 11874 | D:10     | Learned a level 1 spell: Apportation
 12205 | D:3      | Killed Grinder
 12205 | D:3      | Reached skill level 1 in Evocations
 12326 | D:11     | Reached skill level 5 in Spellcasting
 12429 | D:11     | Noticed a two-headed ogre
 12436 | D:11     | Killed a two-headed ogre
 12449 | D:11     | Reached XP level 11. HP: 84/94 MP: 16/20
 12457 | D:11     | Reached ***** piety under Cheibriados
 12461 | D:11     | Reached skill level 5 in Evocations
 12716 | D:11     | Found a staircase to the Orcish Mines.
 12913 | D:11     | Reached skill level 9 in Unarmed Combat
 13055 | D:11     | Found an opulent altar of Gozag.
 13591 | D:12     | Reached skill level 10 in Unarmed Combat
 13724 | D:12     | Reached skill level 11 in Unarmed Combat
 13828 | D:12     | Noticed a white ugly thing
 13864 | D:12     | Reached ****** piety under Cheibriados
 14000 | D:12     | Noticed a deep troll
 14011 | D:12     | Killed a deep troll
 14027 | D:12     | Noticed a purple ugly thing
 14032 | D:12     | Noticed a cyan ugly thing
 14034 | D:12     | Reached XP level 12. HP: 93/101 MP: 15/21
 14040 | D:12     | Noticed a death knight
 14050 | D:12     | Reached skill level 12 in Unarmed Combat
 14204 | Lair:1   | Entered Level 1 of the Lair of Beasts
 14438 | Lair:1   | Learned a level 4 spell: Ice Form
 14644 | Lair:1   | Found the +1 cloak of Starlight {rElec rC+ EV+4 Stlth--}
 15133 | Lair:2   | Noticed an eight-headed hydra
 15144 | Lair:2   | Killed an eight-headed hydra
 15449 | Lair:2   | Found a dark tunnel.
 15459 | Volcano  | Entered a volcano
 15657 | Volcano  | Reached skill level 10 in Fighting
 15867 | Lair:2   | Noticed a catoblepas
 15877 | Lair:2   | Killed a catoblepas
 16096 | Lair:2   | Noticed Urug
 16107 | Lair:2   | Killed Urug
 16423 | Lair:2   | Found a staircase to the Snake Pit.
 17006 | Lair:3   | Reached XP level 13. HP: 104/116 MP: 16/22
 17515 | Lair:3   | Reached skill level 10 in Dodging
 17869 | Lair:3   | Found a staircase to the Shoals.
 18309 | Lair:4   | Noticed Nergalle
 18317 | Lair:4   | Killed Nergalle
 19138 | Lair:5   | Found a frozen archway.
 19146 | Lair:5   | You fall through a shaft!
 19146 | Lair:6   | Entered Level 6 of the Lair of Beasts
 19328 | IceCv    | Entered an ice cave
 19982 | Lair:5   | Reached skill level 10 in Transmutations
 20185 | Lair:5   | Gained mutation: Your tail ends in a poisonous barb. [Green
                  | Draconian growth]
 20185 | Lair:5   | Reached XP level 14. HP: 126/126 MP: 13/23
 20564 | Lair:6   | Reached skill level 13 in Unarmed Combat
 20572 | Lair:6   | Annihilated by a komodo dragon
